AoeStats
← Sitoru Gojo

Black Forest

507924596Analyzed
2v2 RM · 12d ago on Sep 20, 2026· 82m 51s· 4 players
Game mode
Random Map
Map size
Medium (4 player)
Population
200
Speed
Normal
Resources
Standard
Victory
Conquest
Starting age
Dark Age
Ending age
Imperial Age
RankedLock teamsTeams togetherTeam positionsShared explorationLock speedFull tech treeHidden civsTurbo modeCheats
Victory
Defeat
🇲🇽 Celts · Mexico
836
+15
🇲🇽 Italians · Mexico
697
+20
🇺🇸 Persians · United States
818
-18
🇨🇳 Chinese · China
786
-17
Imported Heineken™ ★
0:33 Loom
12:26 Feudal Age
20:10 Castle Age
19:17 Man-at-Arms
21:37 Wheelbarrow
20:56 Double-Bit Axe
25:46 Long Swordsman
月照彩云归
0:29 Loom
12:21 Feudal Age
13:41 Wheelbarrow
12:53 Double-Bit Axe
12:52 Horse Collar
13:31 Gold Mining
21:22 Castle Age
19:35 Stone Mining
21:37 Fletching
22:29 Hand Cart
22:16 Caravan
22:31 Heavy Plow
22:46 Bow Saw
23:54 Stone Shaft Mining
25:09 Bodkin Arrow
26:23 Coinage
26:12 Padded Archer Armor
27:34 Gold Shaft Mining
28:54 Sanctity
29:05 Ballistics
30:24 Leather Archer Armor
31:26 Town Watch
35:30 Imperial Age
34:07 Heated Shot
35:32 Town Patrol
35:51 Forging
36:24 Bracer
38:06 Two-Man Saw
38:18 Ring Archer Armor
39:09 Iron Casting
39:40 Great Wall
39:35 Man-at-Arms
39:38 Elite Fire Lancer
40:59 Conscription
41:53 Chemistry
40:56 Long Swordsman
42:16 Elite Chu Ko Nu
43:05 Scale Mail Armor
43:22 Two-Handed Swordsman
45:37 Blast Furnace
44:59 Light Cavalry
45:50 Bloodlines
47:31 Champion
60:36 Pikeman
61:18 Squires
61:19 Halberdier
Sitoru Gojo
12:33 Feudal Age
13:00 Loom
13:41 Double-Bit Axe
16:24 Wheelbarrow
17:03 Gold Mining
18:03 Wheelbarrow
22:51 Castle Age
23:08 Pikeman
29:45 Fletching
29:56 Padded Archer Armor
30:07 Horse Collar
32:00 Bow Saw
37:00 Imperial Age
35:49 Hand Cart
36:45 Leather Archer Armor
37:55 Bodkin Arrow
39:12 Scale Mail Armor
42:16 Chain Mail Armor
47:55 Plate Mail Armor
47:37 Forging
47:33 Scale Barding Armor
61:00 Heavy Plow
73:57 Iron Casting
73:29 Scale Barding Armor
77:17 Chain Barding Armor
Solari
0:25 Loom
12:11 Feudal Age
12:52 Double-Bit Axe
12:50 Horse Collar
12:35 Man-at-Arms
14:39 Arson
18:11 Gold Mining
22:11 Castle Age
20:42 Stone Mining
21:00 Scale Mail Armor
21:30 Forging
22:27 Wheelbarrow
22:15 Long Swordsman
24:40 Gold Shaft Mining
23:55 Gambesons
27:00 Chain Mail Armor
27:14 Bow Saw
27:06 Heavy Plow
28:39 Iron Casting
29:28 Hand Cart
38:44 Imperial Age
39:11 Heavy Scorpion
39:14 Two-Handed Swordsman
40:34 Plate Mail Armor
41:05 Blast Furnace
40:31 Stronghold
40:11 Champion
41:15 Capped Ram
51:03 Pikeman
54:25 Scale Barding Armor
56:20 Chain Barding Armor
55:29 Light Cavalry
56:17 Hussar
59:31 Stone Shaft Mining
79:11 Spies/Treason
Connection lost

Rejoining the realm…

Still unreachable

The connection could not be restored.

Session expired

The server has moved on; the page needs a fresh start.